 Dungeon Crawl Stone Soup version 0.31-a0-1612-g4aaf141004 (webtiles) character file.

Game seed: 3206119702336862591

5614 ytrimaz the Cleaver (level 11, -1/75 HPs)
             Began as a Formicid Fighter on Dec 13, 2023.
             Was an Elder of Okawaru.
             Slain by a yak (10 damage)
             ... on level 10 of the Dungeon on Jan 10, 2024.
             The game lasted 00:10:15 (8135 turns).

ytrimaz the Cleaver (Formicid Fighter)              Turns: 8135, Time: 00:10:16

Health: -1/75      AC: 12    Str: 32    XL:     11   Next: 3%
Magic:  9/11       EV: 10    Int:  8    God:    Okawaru [****..]
Gold:   537        SH:  6    Dex: 13    Spells: 10/10 levels left

rFire   . . .        A - +6 war axe "Spiderbane" {freeze, rPois Str+3 Dex-2}
rCold   + . .        c - +0 buckler
rNeg    + . .        b - +0 scale mail
rPois   +            (helmet unavailable)
rElec   .            n - +1 cloak
rCorr   .            t - +2 pair of gloves
SInv    +            (no boots)
Will    +....        x - amulet of Masch {rC+ rN+ Regen+ SInv} Stlth
                     F - +6 ring of strength
HPRegen 1.12/turn    o - ring of poison resistance
MPRegen 0.12/turn

%: no passive effects
@: no status effects
A: permanent stasis, dig shafts and tunnels, antennae 3, four strong arms
a: Dig, Shaft Self, Renounce Religion, Heroism, Finesse


You were on level 10 of the Dungeon.
You worshipped Okawaru.
Okawaru was greatly pleased with you.
You visited 2 branches of the dungeon, and saw 11 of its levels.

You collected 630 gold pieces.
You spent 93 gold pieces at shops.


Innate Abilities, Weirdness & Mutations

You cannot be hasted, slowed, berserked, paralysed or teleported.
You can dig through walls and to a lower floor.
You have a pair of large antennae on your head. (SInv)
Your four strong arms can wield two-handed weapons with a shield.


   Skills:
 - Level 3.2 Fighting
 + Level 14.1 Axes
 - Level 3.2 Armour
 - Level 10.0 Shields


You had 10 spell levels left.
You didn't know any spells.
Your spell library contained the following spells:

 Spells                   Type           Power      Damage    Failure   Level
 Apportation              Tloc           0%         N/A       67%         1
 Necrotise                Necr           0%         1d4       67%         1
 Mercury Vapours          Alch/Air       0%         N/A       82%         2
 Sublimation of Blood     Necr           0%         N/A       82%         2
 Mephitic Cloud           Conj/Alch/Air  0%         N/A       96%         3
 Freezing Cloud           Conj/Ice/Air   0%         6-21      100%        5
 Summon Small Mammal      Summ           Unusable   N/A       N/A         1
 Call Imp                 Summ           Unusable   N/A       N/A         2
 Summon Hydra             Summ           Unusable   N/A       N/A         7

Inventory:

Hand Weapons
 a - a +0 war axe of flaming
 u - a +6 giant spiked club
   (You bought it in a shop on level 5 of the Dungeon)
 A - the +6 war axe "Spiderbane" (weapon) {freeze, rPois Str+3 Dex-2}
   (You found it on level 8 of the Dungeon)

   Str+3:     It affects your strength (+3).
   Dex-2:     It affects your dexterity (-2).
   rPois:     It protects you from poison
Armour
 b - a +0 scale mail (worn)
 c - a +0 buckler (worn)
 n - a +1 cloak (worn)
   (You found it on level 4 of the Dungeon)
 t - a +2 pair of gloves (worn)
   (You found it on level 3 of the Dungeon)
Jewellery
 e - a ring of flight
   (You found it on level 1 of the Dungeon)
 j - a +6 ring of intelligence
   (You found it on level 1 of the Dungeon)
 o - a ring of poison resistance (right hand)
   (You found it on level 4 of the Dungeon)
 x - the amulet of Masch (around neck) {rC+ rN+ Regen+ SInv}
   (You acquired it on level 7 of the Dungeon)

   [amulet of regeneration]

   rC+:       It protects you from cold.
   rN+:       It protects you from negative energy.
   SInv:      It lets you see invisible.
   Regen+:    It increases your rate of health regeneration.
 y - an amulet of guardian spirit
   (You found it on level 7 of the Dungeon)
 F - a +6 ring of strength (left hand)
   (You found it on level 9 of the Dungeon)
Wands
 d - a wand of iceblast (5) (quivered)
   (You found it on level 2 of the Dungeon)
 p - a wand of polymorph (11)
   (You took it off a goblin on level 2 of the Dungeon)
 C - a wand of flame (25)
   (You found it on level 7 of the Dungeon)
 D - a wand of paralysis (2)
   (You found it on level 8 of the Dungeon)
Scrolls
 f - 2 scrolls of noise
 g - 6 scrolls of identify
 h - 6 scrolls of immolation
 k - 2 scrolls of fear
 q - a scroll of silence
 s - a scroll of vulnerability
 B - a scroll of amnesia
 E - a scroll of enchant weapon
Potions
 i - 5 potions of mutation
 l - 2 potions of magic
 m - a potion of attraction
 v - a potion of lignification
 w - 3 potions of curing
 z - 3 potions of brilliance
 G - a potion of enlightenment

Dungeon Overview and Level Annotations

Branches:
Dungeon (10/15) Zot: 26961  Temple (1/1) D:5 Zot: 5975
   Lair: D:8-11         Orc: D:9-12

Altars:
Ashenzari
Cheibriados
Dithmenos
Elyvilon
Fedhas
Gozag
Hepliaklqana
Kikubaaqudgha
Makhleb
Nemelex Xobeh
Okawaru
Qazlal
Ru
Sif Muna
Trog
Uskayaw
Vehumet
Wu Jian
Xom
Yredelemnul
Zin
The Shining One

Shops:
D:5 ( D:7

( # ####. #....
...# # #.... .#
##..#.##.##
#..####Oo.##. .
#.##!.@Y# {{{ ..
##..##Y#e..#
...#####<...#)##.##
........#.#....#.#
.......###..#.##%#
..[.....#.#....###
...#####........# .
####..#...#
#.......#


You could see a two-headed ogre, a deep elf pyromancer, 2 yaks and an orc
wizard.


Message History

The centaur warrior hits you but does no damage.
The centaur warrior kicks you.
The centaur warrior hits you but does no damage.
The centaur warrior kicks you but does no damage. 😕 HP[-3]
You take 3 damage, and now have 64/70 hp.
You slice the centaur warrior!! You freeze the centaur warrior!
You kill the centaur warrior!
Okawaru is honoured by your kill.
You can now speed up your combat. 😕 HP[+1]
A vampire mosquito and a troll come into view.
The vampire mosquito buzzes angrily.
You hear a shout!
The yak snorts and paws the ground.
Things that are here:
a +0 shortbow; a centaur corpse; 😕 HP[+1]
A two-headed ogre comes into view.
It is wielding a +0 giant spiked club and a +0 giant club.
The two-headed ogre shouts in stereo!
You hear a shout!
The troll bites you! The troll claws you. You block the troll's attack.
There is an open door, spattered with blood here. 😕 HP[-9]
You take 9 damage, and now have 57/70 hp.
The troll closely misses you. The troll claws you!
The troll completely misses you. 😮 HP[-7]
You take 7 damage, and now have 50/70 hp.
You are too injured to fight recklessly!
Unknown command.
You are too injured to fight recklessly!
You gain the combat prowess of a mighty hero.
The troll bites you but does no damage. The troll claws you!
The troll claws you. 😮 HP[-11] MP[-2]
You take 11 damage, and now have 39/70 hp.
You lost 2 mp, and now have 8/10 mp.
You slice the troll!! You freeze the troll!
The troll bites you but does no damage. The troll claws you.
* * * LOW HITPOINT WARNING * * *
You block the troll's attack. 😨 HP[-5]
You take 5 damage, and now have 34/70 hp.
Unknown command.
You slice the troll!! You freeze the troll.
You kill the troll!
Okawaru accepts your kill.
Your base Axes skill increases to level 14!
You have reached level 11! 😨 HP[+3]
You now have 75 max hp (+5).
You regained 3 hp, and now have 37/75 hp.
You fail to use your ability.
You block the vampire mosquito's attack.
The vampire mosquito bites you.
* * * LOW HITPOINT WARNING * * *
You slash the vampire mosquito! You freeze the vampire mosquito!
You hear a bellow!
The vampire mosquito misses you.
You miss the vampire mosquito. The vampire mosquito barely misses you.
A yak comes into view. 😮 HP[+1] Unknown command.
You barely miss the vampire mosquito.
You block the vampire mosquito's attack.
The vampire mosquito bites you but does no damage. 😮 HP[+1]
You hit the vampire mosquito. You freeze the vampire mosquito.
You destroy the vampire mosquito!
Okawaru accepts your kill. 😮 HP[+1] Unknown command.
The two-headed ogre hits you with a +0 giant spiked club!!
* * * LOW HITPOINT WARNING * * *
The two-headed ogre hits you with a +0 giant club!
* * * LOW HITPOINT WARNING * * *
The yak barely misses you.
An orc wizard comes into view. It is wielding a +0 dagger. 😱 HP[-35]
You take 35 damage, and now have 5/75 hp.
MASSIVE DAMAGE!! (PAUSE) 😱 HP[+1] MP[+1] Unknown command.
You feel much better. You block the yak's attack. 😨 HP[+21]
You regained 21 hp, and now have 27/75 hp.
You slash the yak! You freeze the yak.
You feel like a meek peon again.
A deep elf pyromancer comes into view. It is wielding a +0 long sword.
The yak gores you but does no damage. 😨 HP[+1]
You barely miss the yak. You block the yak's attack. 😨 HP[+1]
You hit the yak. You freeze the yak. 😨 HP[+1]
The two-headed ogre hits you with a +0 giant spiked club!
* * * LOW HITPOINT WARNING * * *
The two-headed ogre hits you with a +0 giant club!
* * * LOW HITPOINT WARNING * * *
The deep elf pyromancer hits you but does no damage.
The yak completely misses you. The yak gores you!
You die...

Skill      XL: |  1  2  3  4  5  6  7  8  9 10 |
---------------+-------------------------------+-----
Axes           | 3 4 5 6 8 11 14 | 14.1
Shields        | 5 6 7 8 10 | 10.0
Fighting       | |  3.2
Armour         | |  3.2

Action                     |  1- 3 |  4- 6 |  7- 9 | 10-12 || total
---------------------------+-------+-------+-------+-------++-------
  Melee: War axe           |    70 |    45 |   266 |    83 ||   464
         Unarmed           |       |    12 |       |       ||    12
         Giant spiked club |       |       |     3 |       ||     3
 Invoke: Heroism           |       |       |       |     1 ||     1
Ability: Dig               |       |       |       |     1 ||     1
  Evoke: Wand              |       |     3 |     4 |       ||     7
    Use: Potion            |     1 |     7 |     2 |     1 ||    11
         Scroll            |       |     8 |     8 |     3 ||    19
 Armour: Scale mail        |    49 |    26 |   189 |    96 ||   360
         Skin              |       |    48 |    18 |       ||    66
  Dodge: Dodged            |    41 |    21 |   120 |    41 ||   223
  Block: Buckler           |    23 |    20 |    85 |    27 ||   155

Levels and vault maps discovered:
D:1:      wander_arrival_peaceful_grave, layout_loops_ring, st_stairs_11
D:2:      layout_basic, uniq_sigmund
D:3:      layout_loops_corners, led_xom_imps, nicolae_half_adder, uniq_jessica,
          uniq_terence, uniq_grinder
D:4:      layout_cave_pools, serial_forest, infiniplex_forest_zigzag_2,
          infiniplex_forest_corner_2, infiniplex_forest_straight_5,
          infiniplex_forest_end_1, infiniplex_forest_fountain,
          infiniplex_forest_clump_small, infiniplex_forest_clump_small,
          infiniplex_forest_straight_2, uniq_robin, uniq_duvessa, uniq_ijyb
D:5:      layout_layer_cave, minmay_temple_entry_junction,
          nicolae_stop_n_shop_2, chequers_serial_rivers_small_3
D:6:      layout_layer_cave, minmay_microvault
D:7:      layout_rooms, serial_demonic, serial_demonic_d, serial_demonic_d,
          serial_demonic_e, serial_demonic_b, chequers_garden,
          nicolae_stop_n_shop_2, uniq_prince_ribbit1, uniq_menkaure
D:8:      layout_basic, minitemple, minivault_21
D:9:      layout_roguey
D:10:     layout_loops_cross, minmay_fractal_squares_gapless_7
Temple:   hc_temple_tempest_star

Notes
Turn   | Place    | Note
-------+----------+-------------------------------------------
     0 | D:1      | ytrimaz the Formicid Fighter began the quest for the Orb.
     0 | D:1      | Reached XP level 1. HP: 18/18 MP: 1/1
     0 | D:1      | magus.rc [v1.9.6]
    16 | D:1      | You pick up a book of Cantrips and begin reading...
    16 | D:1      | You add the spells Necrotise, Summon Small Mammal and
                  | Apportation to your library.
    31 | D:1      | Reached XP level 2. HP: 22/24 MP: 2/2
   300 | D:1      | Reached XP level 3. HP: 29/29 MP: 3/3
   976 | D:2      | Reached skill level 3 in Axes
   976 | D:2      | Reached skill level 5 in Shields
   995 | D:2      | Reached XP level 4. HP: 23/35 MP: 4/4
  1107 | D:2      | Noticed Sigmund
  1120 | D:2      | HP: 6/35 [Sigmund/puff of flame (10)]
  1122 | D:2      | Killed Sigmund
  1123 | D:2      | Reached skill level 4 in Axes
  1123 | D:2      | Reached skill level 6 in Shields
  1123 | D:2      | Reached XP level 5. HP: 7/41 MP: 5/5
  1123 | D:2      | Reached XP level 6. HP: 9/47 MP: 6/6
  1602 | D:3      | Reached skill level 7 in Shields
  1703 | D:3      | HP: 10/47 [orc priest/divine providence (13)]
  1709 | D:3      | HP: 7/70 [orc priest/+0 whip (2)]
  1712 | D:3      | Reached skill level 5 in Axes
  1715 | D:3      | HP: 5/70 [orc priest/+0 short sword (1)]
  1718 | D:3      | Reached XP level 7. HP: 6/52 MP: 7/7
  2117 | D:3      | Noticed Grinder
  2118 | D:3      | Grinder changed into Grinder the neqoxec
  2118 | D:3      | Noticed Grinder
  2124 | D:3      | Killed Grinder the neqoxec
  2125 | D:3      | Reached skill level 8 in Shields
  2421 | D:3      | Noticed Jessica
  2423 | D:3      | Killed Jessica
  2510 | D:3      | Found a shimmering altar of Xom.
  2579 | D:3      | Reached skill level 6 in Axes
  2732 | D:3      | Reached XP level 8. HP: 58/58 MP: 8/8
  2742 | D:3      | Noticed Terence
  2752 | D:3      | Killed Terence
  2868 | D:4      | Identified the +3 helmet "Qeraptor" {rN+}
  2868 | D:4      | Noticed Robin
  2881 | D:4      | Killed Robin
  2962 | D:4      | Noticed Ijyb
  2967 | D:4      | Killed Ijyb
  3013 | D:4      | Reached skill level 9 in Shields
  3177 | D:4      | Noticed Duvessa
  3179 | D:4      | Noticed Dowan
  3191 | D:4      | Killed Duvessa
  3196 | D:4      | Killed Dowan
  3614 | D:5      | Entered Level 5 of the Dungeon
  3797 | D:5      | Reached skill level 7 in Axes
  3868 | D:5      | Found a staircase to the Ecumenical Temple.
  3991 | D:5      | Found Poycoor's Antique Weapon Shoppe.
  3998 | D:5      | Bought a glowing giant spiked club for 93 gold pieces
  4156 | Temple   | Entered the Ecumenical Temple
  4168 | Temple   | Became a worshipper of Warmaster Okawaru
  4219 | D:5      | You pick up a book of Vapours and begin reading...
  4219 | D:5      | You add the spells Poisonous Vapours, Mephitic Cloud and
                  | Freezing Cloud to your library.
  4363 | D:5      | Reached skill level 10 in Shields
  5008 | D:6      | Reached skill level 8 in Axes
  5008 | D:6      | Reached XP level 9. HP: 63/64 MP: 9/9
  5104 | D:6      | Identified the +1 leather armour "Neqiec" {Str+3 Stlth+}
  5950 | D:7      | Reached skill level 9 in Axes
  6013 | D:7      | Found Meocsusu's Weapon Emporium.
  6045 | D:7      | Reached * piety under Okawaru
  6071 | D:7      | Identified a scroll of acquirement
  6073 | D:7      | Acquired the amulet of Masch {rC+ rN+ Regen+ SInv}
  6370 | D:7      | Noticed Menkaure
  6378 | D:7      | Killed Menkaure
  6379 | D:7      | Reached skill level 10 in Axes
  6487 | D:7      | Noticed Prince Ribbit
  6506 | D:7      | Killed Prince Ribbit
  6728 | D:8      | Reached ** piety under Okawaru
  6734 | D:8      | HP: 13/64 [orc priest/divine providence (11)]
  6851 | D:8      | Found a hazy altar of Hepliaklqana.
  6851 | D:8      | Found a sacrificial altar of Ru.
  6857 | D:8      | Found a basalt altar of Yredelemnul.
  6916 | D:8      | Noticed a hornet
  6919 | D:8      | Upgraded the game from 0.31-a0-1206-g41278d8d1d to
                  | 0.31-a0-1612-g4aaf141004
  6919 | D:8      | magus.rc [v1.9.6]
  6922 | D:8      | Killed a hornet
  6923 | D:8      | Reached skill level 11 in Axes
  6923 | D:8      | Reached XP level 10. HP: 70/70 MP: 10/10
  7277 | D:8      | Identified the +6 war axe "Spiderbane" {freeze, rPois Str+3
                  | Dex-2}
  7460 | D:9      | Reached skill level 12 in Axes
  7469 | D:9      | Reached *** piety under Okawaru
  7487 | D:9      | You pick up a book of Blood and begin reading...
  7639 | D:9      | Reached skill level 13 in Axes
  8094 | D:10     | Entered Level 10 of the Dungeon
  8110 | D:10     | Noticed a centaur warrior
  8117 | D:10     | Killed a centaur warrior
  8117 | D:10     | Reached **** piety under Okawaru
  8119 | D:10     | Noticed a two-headed ogre
  8124 | D:10     | Reached skill level 14 in Axes
  8124 | D:10     | Reached XP level 11. HP: 37/75 MP: 8/11
  8129 | D:10     | HP: 5/75 [two-headed ogre/+0 giant spiked club (15)]
  8132 | D:10     | Noticed a deep elf pyromancer
  8135 | D:10     | HP: 9/75 [two-headed ogre/+0 giant spiked club (12)]
  8135 | D:10     | Slain by a yak

Vanquished Creatures
  A centaur warrior (D:10)
  A troll (D:10)
  A hornet (D:8)
  Prince Ribbit (D:7)
  Sigmund (D:2)
  2 shadows
  A wraith (D:9)
  5 yaks (D:9)
  A neqoxec (D:3)
  A steam dragon (D:8)
  A vampire mosquito (D:10)
  Menkaure (D:7)
  An acid dragon (D:8)
  2 water moccasins
  Duvessa (D:4)
  An orc warrior (D:9)
  A sky beast (D:8)
  2 black bears (D:6)
  A centaur (D:9)
  An ogre (D:5)
  2 bullfrogs
  2 kobold brigands (D:9)
  2 scorpions
  Dowan (D:4)
  5 killer bees (D:9)
  4 crimson imps (D:3)
  A quasit (D:7)
  7 orc priests
  3 jellies
  A sleepcap (D:5)
  Jessica (D:3)
  An iguana (D:4)
  Ijyb (D:4)
  Terence (D:3)
  3 orc wizards
  Robin (D:4)
  8 gnolls
  9 adders
  3 shadow imps
  6 white imps (D:7)
  2 ufetubi (D:7)
  2 ribbon worms
  3 dart slugs
  19 orcs
  4 ball pythons
  5 endoplasms
  2 giant cockroaches
  15 goblins
  10 hobgoblins
  4 bats
  7 frilled lizards
  13 kobolds
  6 rats
181 creatures vanquished.

Table legend:
 A = Non-vault XP
 B = Vault XP
 C = Vault XP percentage of total XP
 D = Non-vault monster count
 E = Vault monster count
 F = Vault count percentage of total count
                 A         B        C        D         E       F
            +---------+---------+-------+---------+---------+-------
      Total |    4898 |    3122 |  38.9 |     131 |      50 |  27.6
            +---------+---------+-------+---------+---------+-------
        D:1 |      32 |       6 |  15.8 |      17 |       5 |  22.7
        D:2 |     118 |     231 |  66.2 |      19 |       1 |   5.0
        D:3 |     170 |     506 |  74.9 |      20 |      11 |  35.5
        D:4 |      55 |     277 |  83.4 |       8 |      16 |  66.7
        D:5 |     328 |       0 |   0.0 |       7 |       0 |   0.0
        D:6 |     437 |     219 |  33.4 |       8 |       1 |  11.1
        D:7 |     432 |     567 |  56.8 |      12 |      13 |  52.0
        D:8 |     879 |       0 |   0.0 |      12 |       0 |   0.0
        D:9 |    2447 |       0 |   0.0 |      28 |       0 |   0.0
       D:10 |       0 |    1316 | 100.0 |       0 |       3 | 100.0
            +---------+---------+-------+---------+---------+-------

Skill      XL: |  1  2  3  4  5  6  7  8  9 10 |
---------------+-------------------------------+-----
Axes           | 3 4 5 6 8 11 14 | 14.1
Shields        | 5 6 7 8 10 | 10.0
Fighting       | |  3.2
Armour         | |  3.2

Action                     |  1- 3 |  4- 6 |  7- 9 | 10-12 || total
---------------------------+-------+-------+-------+-------++-------
  Melee: War axe           |    70 |    45 |   266 |    83 ||   464
         Unarmed           |       |    12 |       |       ||    12
         Giant spiked club |       |       |     3 |       ||     3
 Invoke: Heroism           |       |       |       |     1 ||     1
Ability: Dig               |       |       |       |     1 ||     1
  Evoke: Wand              |       |     3 |     4 |       ||     7
    Use: Potion            |     1 |     7 |     2 |     1 ||    11
         Scroll            |       |     8 |     8 |     3 ||    19
 Armour: Scale mail        |    49 |    26 |   189 |    96 ||   360
         Skin              |       |    48 |    18 |       ||    66
  Dodge: Dodged            |    41 |    21 |   120 |    41 ||   223
  Block: Buckler           |    23 |    20 |    85 |    27 ||   155

Illustrated notes

Table legend:
 A = Kills in this place as a percentage of kills in the entire game.
 B = Kills by you in this place as a percentage of kills by you in the entire game.
 C = Kills by friends in this place as a percentage of kills by friends in the entire game.
 D = Other kills in this place as a percentage of other kills in the entire game.
 E = Experience gained in this place as a percentage of experience gained in the entire game.
 F = Experience gained in this place divided by the number of levels of this place that you have seen.
                   A       B       C       D       E      F
               +-------+-------+-------+-------+-------+----------------------
         Total | 100.0 | 100.0 |   N/A |   N/A | 100.0 | 729.1
       Dungeon | 100.0 | 100.0 |   N/A |   N/A | 100.0 | 802.0
               +-------+-------+-------+-------+-------+----------------------

Table legend: (Time is in decaauts)
 A = Elapsed time spent in this place.
 B = Non-inter-level travel time spent in this place.
 C = Inter-level travel time spent in this place.
 D = Time resting spent in this place.
 E = Time spent auto-exploring this place.
 F = Levels seen in this place.
 G = Mean time per level.
                   A        B        C        D        E       F      G
               +--------+--------+--------+--------+--------+-----+--------+
         Total |   8202 |   7924 |    278 |    129 |   6453 |  11 |  745.6 |
       Dungeon |   8177 |   7921 |    256 |    129 |   6453 |  10 |  817.7 |
        Temple |     24 |      2 |     22 |      0 |      0 |   1 |   24.0 |
               +--------+--------+--------+--------+--------+-----+--------+

Top non-repeatable levels by time:
     D:3: 1281 daAuts
     D:6: 1195 daAuts
     D:5: 1112 daAuts
     D:2: 814 daAuts
     D:1: 800 daAuts
     D:4: 786 daAuts
     D:9: 769 daAuts
     D:7: 741 daAuts
     D:8: 638 daAuts
    D:10: 37 daAuts
  Temple: 24 daAuts
